Unix NetHack Version 5.0.0-0 post-release - last build Jun 10 2026 00:39:30 (3ee93aec679c4c4259841fe613dc97188e26a321,branch:main).

Game began 2026-06-11 00:50:16, ended 2026-06-11 06:19:15.

CyberFan, lawful female dwarven Archeologist

     -------------         -----------
     |............#        |.........|    ----.-       -------
     |...........|#       #.....<^...|    |....|       |.....-#
     |......%.(..|#       #|.........|    |....|       |..%..|##
     |...^.......|#########..........-####......#######......| ###
     -|-----.---  #       #-----------    |....|       |.....|   #
      ##          #       ##              |....|       |`....|   #
      #        ####        #              |....|       -------   #
      ######   %  ##       ##             ------                 #
   ---%--#######   ##       #                                    #  |.
   |.%..(#  #########%#     ##                                   ###..
   |.)P)|            # ---.--#                                      |.
   |.h.@|            ##|....|#
   |....|             #|....-#
   ------             #-....|
                       |$...|
                       ------

CyberFan the Exhumer       St:18/07 Dx:15 Co:19 In:13 Wi:16 Ch:11  Lawful
Dlvl:24 $:1234 HP:0(99) Pw:41(41) AC:-4 Xp:12/20732 T:22205  Hungry   Stressed

Latest messages:
 The black pudding divides as you hit it!
 The ice-cold blade hits the black pudding.
 You kill the black pudding!
 The ice troll bashes with his forked polearm.
 The ice troll misses!
 The ice troll hits!
 You avoid harm.
 The ice troll misses!
 The ice-cold blade hits the ice troll.
 The ice-cold blade hits the ice troll.
 The ice-cold blade hits the ice troll.
 The ice troll bashes with his forked polearm.
 The ice troll hits!
 The ice troll hits!
 You avoid harm.
 The ice troll bites!
 The ice-cold blade hits the ice troll.
 The ice troll bashes with his forked polearm.
 The ice troll just misses!
 The ice troll hits!
 You avoid harm.
 The ice troll bites!
 The ice-cold blade hits the ice troll.
 The black pudding bites!
 Your dwarvish iron helm corrodes further!
 The ice troll bashes with his forked polearm.
 The ice troll hits!
 The ice troll misses!
 The ice troll bites!
 The ice-cold blade hits the ice troll.
 The ice-cold blade hits the ice troll.
 You kill the ice troll!
 You have trouble lifting an ice troll corpse.  Continue? [ynq] (q)
 You have trouble lifting B - an ice troll corpse.
 You rebalance your load.  Movement is difficult.
 The black pudding bites!
 Your pair of iron shoes corrodes!
 The black pudding attacks a spot beside you.
 The black pudding bites!
 Your pair of iron shoes corrodes further!
 The black pudding bites!
 Your pair of iron shoes corrodes completely!
 You don't have enough stamina to move.
 The black pudding just misses!
 The black pudding bites!
 Your dwarvish iron helm corrodes completely!
 You don't have enough stamina to move.
 The black pudding bites!
 Your cloak of displacement is not affected by corrosion.
 You die...

Inventory:
 Coins    ('$')
  $ - 1234 gold pieces
 Amulets  ('"')
  l - an uncursed amulet of ESP (being worn)
  a - an uncursed amulet of reflection
 Weapons  (')')
  t - the uncursed rustproof +3 Frost Brand (weapon in right hand)
 Armor    ('[')
  m - an uncursed thoroughly rusty thoroughly corroded +3 dwarvish iron helm (being worn)
  i - an uncursed +0 pair of leather gloves (being worn)
  K - an uncursed thoroughly rusty thoroughly corroded +1 pair of iron shoes (being worn)
  M - an uncursed +0 shield of reflection (being worn)
  f - an uncursed very burnt +0 cloak of displacement (being worn)
  V - an uncursed +0 dwarvish mithril-coat (being worn)
 Comestibles  ('%')
  N - an uncursed fortune cookie
  u - an uncursed K-ration
  B - an uncursed ice troll corpse
  D - an uncursed lizard corpse
 Scrolls  ('?')
  c - 3 uncursed scrolls of earth
  W - 5 uncursed scrolls of teleportation
 Potions  ('!')
  b - a cursed potion of hallucination
 Rings    ('=')
  n - an uncursed ring of cold resistance
  R - an uncursed +1 ring of gain constitution (on left hand)
  E - a blessed +1 ring of increase damage
  U - an uncursed ring of levitation
  C - an uncursed ring of polymorph
  S - an uncursed ring of polymorph control
  o - a blessed +1 ring of protection (on right hand)
 Wands    ('/')
  d - an uncursed wand of create monster (0:9)
  e - an uncursed wand of create monster (0:0)
  z - an uncursed wand of enlightenment (0:10)
  j - an uncursed wand of lightning (0:2)
  s - an uncursed wand of striking (0:6)
  T - an uncursed wand of striking (0:0)
  x - an uncursed wand of teleportation (0:6)
  F - an uncursed wand of teleportation (0:4)
 Tools    ('(')
  h - an uncursed sack containing 14 items
  y - an uncursed wooden harp
  Z - an uncursed magic marker (0:1)
  q - an uncursed magic whistle
  J - an uncursed skeleton key
  Y - an uncursed towel
  v - an uncursed +0 unicorn horn
 Gems/Stones  ('*')
  H - 3 uncursed amethyst stones
  G - 3 uncursed emeralds
  p - an uncursed obsidian stone
  L - a blessed luckstone
  g - an uncursed touchstone

Contents of the sack:
  a blessed scroll of blank paper
  3 uncursed scrolls of confuse monster
  a cursed scroll of confuse monster
  2 uncursed scrolls of create monster
  an uncursed scroll of destroy armor
  a cursed scroll of enchant weapon
  an uncursed scroll of fire
  an uncursed scroll of gold detection
  an uncursed scroll of light
  an uncursed scroll of punishment
  a cursed potion of gain energy
  an uncursed potion of gain level
  an uncursed potion of see invisible
  a potion of holy water

CyberFan the Archeologist's attributes:

Background:
 You were an Exhumer, a level 12 female dwarven Archeologist.
 You were lawful, on a mission for Quetzalcoatl
 who was opposed by Camaxtli (neutral) and Huhetotl (chaotic).
 You were right-handed.
 You were in the Dungeons of Doom, on level 24.
 You entered the dungeon 22205 turns ago.
 You had 20732 experience points, 19268 more were needed to attain level 13.

Basics:
 You had 0 out of 99 hit points.
 You had all 41 energy points (spell power).
 Your armor class was -4.
 Your wallet contained 1234 zorkmids.
 Autopickup was on for '$%?!"=/*' plus thrown, with exceptions.

Final Characteristics:
 Your strength was 18/07 (limit:18/100).
 Your dexterity was 15 (limit:20).
 Your constitution was 19 (base:18, limit:20).
 Your intelligence was 13 (limit:16).
 Your wisdom was 16 (limit:16).
 Your charisma was 11 (limit:16).

Final Status:
 You were hungry.
 You were stressed; movement was moderately slowed.
 You were wielding a long sword.
 You had basic skill with long sword.

Final Attributes:
 You were piously aligned.
 You were cold resistant.
 Your items were protected from cold.
 You were shock resistant.
 You were poison resistant.
 You saw invisible.
 You were telepathic.
 You had automatic searching.
 You had infravision.
 You were invisible to others.
 You were displaced.
 You were stealthy.
 You had a small defense bonus (+1).
 You were protected.
 Your spell casting was impaired by metallic armor.
 You were fast.
 You had reflection.
 You were extremely lucky.
 You had extra luck.
 Good luck did not time out for you.
 You are dead.

Miscellaneous:
 You disabled loading and storing of bones levels.
 Total elapsed playing time was 3 hours, 35 minutes and 4 seconds.

Major events:
 Turn
    1: CyberFan the lawful female dwarven Archeologist entered the dungeon
  538: entered the Gnomish Mines
 1233: attained the rank of Field Worker (level 3)
 1712: entered Sokoban
 2734: reached Mine Town
 5316: attained the rank of Investigator (level 6)
 8038: acquired the Mines' End luckstone
 9194: completed 1st Sokoban level
10075: completed 2nd Sokoban level
10478: completed 3rd Sokoban level
11312: completed 4th Sokoban level
11620: acquired the Sokoban amulet of reflection
12707: attained the rank of Exhumer (level 10)
13227: entered Home 1, the Quest
15049: performed her first genocide (master mind flayers)
18583: killed Medusa
18921: was bestowed with Frost Brand by Quetzalcoatl
22205: killed by a black pudding

Spells:
 Name                 Level Category     Fail Retention
 force bolt             1   attack       100%   51%-75%
 cure sickness          3   healing      100%   51%-75%

Skills:
 Fighting Skills
   bare handed combat [Unskilled]
   two weapon combat  [Unskilled]
   riding             [Unskilled]
 Weapon Skills
   dagger             [Unskilled]
   knife              [Unskilled]
   pick-axe           [Skilled]
   short sword        [Unskilled]
   long sword         [Basic]
   saber              [Unskilled]
   club               [Unskilled]
   quarterstaff       [Unskilled]
   sling              [Unskilled]
   dart               [Unskilled]
   boomerang          [Unskilled]
   whip               [Basic]
   unicorn horn       [Unskilled]
 Spellcasting Skills
   attack spells      [Unskilled]
   healing spells     [Unskilled]
   divination spells  [Unskilled]
   matter spells      [Unskilled]

Voluntary challenges:
 Character rerolling was not enabled.
 You genocided 1 type of monster.
 You never polymorphed an object.
 You never changed form.
 You used no wishes.
 You violated the special Sokoban rules once.
Achievements:
 You entered the Gnomish Mines.
 You entered a shop.
 You attained the rank of Field Worker.
 You entered Sokoban.
 You entered Minetown.
 You entered a temple.
 You attained the rank of Investigator.
 You completed the Gnomish Mines.
 You completed Sokoban.
 You attained the rank of Exhumer.
 You defeated Medusa.
 You learned the tune to open and close the Castle's drawbridge.

 The Dungeons of Doom: levels 1 to 28
    Level 1:
       Some fountains.
    Level 2:
       Stairs down to The Gnomish Mines.
    Level 3:
       An altar.
    Level 4:
       A general store.
    Level 5:
       Many fountains.
       Oracle of Delphi.
    Level 6:
       An altar to Quetzalcoatl.
       Stairs up to Sokoban, level 5.
    Level 7:
    Level 8:
    Level 9:
       An altar to Quetzalcoatl.
    Level 10:
       A fountain, a grave.
    Level 11:
       An altar.
       Summoned by Lord Carnarvon.
       Portal to The Quest.
    Level 12:
       An altar.
    Level 13:
    Level 14:
    Level 15:
    Level 16:
       A grave.
    Level 17:
       A primitive area.
    Level 18:
       An altar, a fountain.
    Level 19:
    Level 20:
       A sink.
    Level 21:
       A grave.
    Level 22:
    Level 23:
    Level 24: <- You were here.
       An altar to Quetzalcoatl.
       Final resting place for
          you, killed by a black pudding.
    Level 25:
       Some fountains, a sink, a grave.
    Level 26:
       Many trees.
    Level 27:
    Level 28:
       A throne, a fountain.
       The castle (play notes "EDGBA" to open or close drawbridge).
 The Gnomish Mines: levels 3 to 10
    Level 3:
    Level 4:
    Level 5:
       Many shops, a temple and an altar, some fountains.
    Level 6:
    Level 7:
    Level 8:
    Level 9:
    Level 10:
 The Quest:
    Level 1:
       A throne.
       Home.
 Sokoban: levels 5 up to 2
    Level 2:
       Solved.
    Level 3:
       Solved.
    Level 4:
       Solved.
    Level 5:
       Solved.


Vanquished creatures:
    Medusa
  a purple worm
  a blue dragon
  a demilich
  4 Olog-hai
  a trapper
  a vampire leader
  3 liches
  a clay golem
  a nurse
  a frost giant
  a black pudding
  a vampire
  2 lieutenants
  2 ghosts
  2 winged gargoyles
  a giant mimic
  a zruty
  a fire giant
  4 ogre tyrants
  4 ice trolls
  2 flesh golems
 an elven monarch
  4 stalkers
 an air elemental
  a water elemental
  5 hill giants
  2 giant mummies
  a xorn
  a giant zombie
 an elf-noble
  2 sergeants
  7 wargs
  a winter wolf
  3 small mimics
  4 warhorses
  3 xans
 an ettin mummy
 an ogre leader
  4 quantum mechanics
 15 trolls
  2 wood golems
  a shark
  3 gelatinous cubes
  4 freezing spheres
  2 flaming spheres
  a shocking sphere
  a large cat
  a tiger
  a gargoyle
  a dwarf ruler
  3 ochre jellies
  a leocrotta
  2 energy vortices
  a mountain centaur
  2 elf mummies
  a python
  2 wraiths
  a carnivorous ape
  3 ettin zombies
  2 Grey-elves
 14 soldiers
  a watchman
 an amorous demon
  5 chameleons
  2 crocodiles
  3 giant beetles
  3 quivering blobs
  3 cockatrices
 10 wolves
  6 winter wolf cubs
  2 panthers
  3 gremlins
 42 leprechauns
  3 orc-captains
  2 iron piercers
  2 mumakil
  a giant spider
  a scorpion
  4 horses
  3 ice vortices
  2 black lights
  5 vampire bats
  2 forest centaurs
  a gnome ruler
  3 orc mummies
  a dwarf mummy
 an ogre
  2 brown puddings
  3 rust monsters
  6 owlbears
  2 yetis
  a gold golem
  2 giant eels
  6 lizards
  4 dogs
  a housecat
  3 jaguars
  a blue jelly
  3 gray unicorns
  a black unicorn
  6 dust vortices
 28 ravens
 10 plains centaurs
  2 gnome mummies
  3 snakes
  4 apes
  a human zombie
  6 Woodland-elves
  9 soldier ants
  a fire ant
 20 bugbears
 an imp
  2 quasits
  2 wood nymphs
  a water nymph
  a Mordor orc
  7 Uruk-hai
  3 orc shamans
  a rock piercer
  2 rock moles
  a fog cloud
  5 yellow lights
  3 violet fungi
  6 gnome leaders
  5 gnomish wizards
  a kobold mummy
  a guardian naga hatchling
  a gray ooze
  3 elf zombies
  a ghoul
 11 giant ants
  a little dog
  2 floating eyes
  a kitten
  5 dwarves
  a homunculus
  a kobold leader
  a kobold shaman
 14 hill orcs
  7 rothes
  3 giant bats
  a monkey
  6 orc zombies
  5 dwarf zombies
  a wererat
  a werejackal
  8 iguanas
 18 killer bees
  a coyote
  2 gas spores
  3 hobbits
  6 manes
  3 large kobolds
 15 hobgoblins
 12 giant rats
  7 cave spiders
  a brown mold
  2 yellow molds
  2 green molds
  a red mold
 18 gnomes
  7 garter snakes
  a gnome zombie
  6 geckos
 13 jackals
  a fox
  3 kobolds
  4 goblins
  8 sewer rats
  8 grid bugs
  a bat
  7 lichens
  3 kobold zombies
 11 newts
661 creatures vanquished.

Genocided species:
 master mind flayers
1 species genocided.

Game over:
                       ----------
                      /          \
                     /    REST    \
                    /      IN      \
                   /     PEACE      \
                  /                  \
                  |     CyberFan     |
                  |     1234 Au      |
                  |   killed by a    |
                  |  black pudding   |
                  |                  |
                  |                  |
                  |       2026       |
                 *|     *  *  *      | *
        _________)/\\_//(\/(/\)/\//\/|_)_______

Goodbye CyberFan the Archeologist...

You died in The Dungeons of Doom on dungeon level 24 with 155743 points,
and 1234 pieces of gold, after 22205 moves.
You were level 12 with a maximum of 99 hit points when you died.

